 Dungeon Crawl Stone Soup version 0.30-a0-778-g2ef04afb54 (webtiles) character file.

Game seed: 5821281375519335317

9039 sircluck the Cleaver (level 11, -9/97 HPs)
             Began as a Minotaur Fighter on Feb 15, 2023.
             Was a Priest of Wu Jian.
             Mangled by Sonja
             ... wielding a +0 short sword of distortion
              (21 damage)
             ... on level 11 of the Dungeon.
             The game lasted 00:18:34 (10463 turns).

sircluck the Cleaver (Minotaur Fighter)            Turns: 10463, Time: 00:18:35

Health: -9/97      AC: 20    Str: 33    XL:     11   Next: 17%
Magic:  10/10      EV: 10    Int:  7    God:    Wu Jian [***...]
Gold:   816        SH:  7    Dex: 13    Spells: 10/10 levels left

rFire   . . .      SeeInvis .    a - +2 war axe (spect)
rCold   . . .      Faith    .    K - +2 buckler of Parts Unknown {Str+8 Int-4 Dex+3}
rNeg    . . .      Spirit   .    k - +2 chain mail
rPois   .          Reflect  .    (helmet restricted)
rElec   .          Harm     .    z - +0 cloak
rCorr   .          Rampage  .    O - +0 pair of gloves
Will    .....                    I - +2 pair of boots Stlth
                                 o - amulet of the acrobat
HPRegen 0.36/turn                G - ring "Nishau" {+Blink Fly}
MPRegen 0.12/turn                y - +6 ring of intelligence

@: lethally poisoned (-9 -> -16), flying, slowed, very slow
A: horns 2, retaliatory headbutt
a: Renounce Religion, Evoke Blink, Wall Jump, Serpent's Lash


You were on level 11 of the Dungeon.
You worshipped Wu Jian.
Wu Jian was most pleased with you.
You visited 2 branches of the dungeon, and saw 12 of its levels.

You collected 866 gold pieces.
You spent 50 gold pieces at shops.

Inventory:

Hand Weapons
 a - a +2 spectral war axe (weapon)
 e - a +2 dagger of venom
 j - a +2 short sword of freezing
 C - a +2 whip of freezing
 Q - a +4 scimitar
 R - a +1 short sword of speed
 U - a +5 halberd of freezing
Missiles
 m - 75 stones (quivered)
 B - 32 poisoned darts
 X - 4 boomerangs
 Z - a throwing net
Armour
 b - a +0 scale mail
 c - a +0 buckler
 k - a +2 chain mail (worn)
 z - a +0 cloak (worn)
 I - a +2 pair of boots (worn)
 K - the +2 buckler of Parts Unknown (worn) {Str+8 Int-4 Dex+3}
   (You acquired it on level 8 of the Dungeon)

   Str:       It affects your strength (+8).
   Int:       It affects your intelligence (-4).
   Dex:       It affects your dexterity (+3).
 O - a +0 pair of gloves (worn)
Jewellery
 o - an amulet of the acrobat (around neck)
 y - a +6 ring of intelligence (right hand)
 A - an amulet of magic regeneration
 G - the ring "Nishau" (left hand) {+Blink Fly}
   (You found it on level 5 of the Dungeon)

   [ring of flight]

   Fly:       It grants you flight.
   +Blink:    It lets you blink.
 L - an amulet of the acrobat
Wands
 r - a wand of charming (23)
 u - a wand of acid (9)
 M - a wand of roots (11)
 W - a wand of flame (12)
 Y - a wand of digging (3)
Scrolls
 f - 9 scrolls of identify
 n - a scroll of noise
 s - 2 scrolls of fear
 t - 2 scrolls of poison
 E - 2 scrolls of enchant armour
 F - a scroll of amnesia
 H - a scroll of enchant weapon
 J - 4 scrolls of teleportation
 V - a scroll of silence {unknown}
Potions
 d - 2 potions of might
 g - a potion of attraction {unknown}
 h - a potion of heal wounds
 i - 3 potions of brilliance {unknown}
 l - a potion of haste {unknown}
 p - a potion of flight {unknown}
 q - 5 potions of curing
 v - a potion of resistance {unknown}
 w - 3 potions of lignification {unknown}
 x - 4 potions of berserk rage {unknown}
 D - 2 potions of mutation {unknown}
 N - a potion of degeneration {unknown}
 P - 2 potions of cancellation {unknown}
 S - 2 potions of ambrosia {unknown}
 T - a potion of invisibility


   Skills:
 + Level 9.2 Fighting
 + Level 13.5 Axes
 + Level 11.5 Armour
 + Level 4.4 Dodging
 + Level 1.6 Stealth
 + Level 7.0 Shields
 + Level 0.3 Evocations


You had 10 spell levels left.
You didn't know any spells.
Your spell library contained the following spells:

 Spells                   Type           Power      Damage    Failure   Level
 Foxfire                  Conj/Fire      0%         2x1d4     89%         1
 Sandblast                Erth           0%         2d4       89%         1
 Passwall                 Tmut/Erth      0%         N/A       96%         2
 Ozocubu's Armour         Ice            0%         N/A       99%         3
 Stone Arrow              Conj/Erth      0%         3d7       99%         3
 Fireball                 Conj/Fire      0%         3d3       100%        5
 Starburst                Conj/Fire      0%         6d3       100%        6
 Ozocubu's Refrigeration  Ice            0%         4d7       100%        7


Dungeon Overview and Level Annotations

Branches:
Dungeon (11/15)            Temple (1/1) D:5
   Lair: D:8-11         Orc: D:9-12

Altars:
Ashenzari
Cheibriados
Dithmenos
Elyvilon
Fedhas
Gozag
Hepliaklqana
Kikubaaqudgha
Makhleb
Nemelex Xobeh
Okawaru
Qazlal
Ru
Sif Muna
Trog
Uskayaw
Vehumet
Wu Jian
Xom
Yredelemnul
Zin
The Shining One

Shops:
D:1 !(:

Annotations:
D:11 Sonja


Innate Abilities, Weirdness & Mutations

You have a pair of horns on your head.
You reflexively headbutt those who attack you in melee.


Message History

Sonja hits you but does no damage. Space warps around you.
* * * LOW HITPOINT WARNING * * *
Sonja barely misses you. Sonja hits you but does no damage.
You blink.
Aiming: Throw Flame
Press: ? - help, Q - select action, (/) - cycle Shift-Dir - straight line, f/p - Sonja
Aim: Sonja, wielding a +0 short sword of distortion and quivering curare-tipped darts (moderately wounded, 25% to hit)
The puff of flame misses Sonja.
Sonja gestures wildly while chanting.
Sonja blinks!
Aiming: Throw Flame
Press: ? - help, Q - select action, (/) - cycle Shift-Dir - straight line, f/p - Sonja
Aim: Sonja, wielding a +0 short sword of distortion and quivering curare-tipped darts (moderately wounded, 25% to hit)
The puff of flame hits Sonja.
Sonja is heavily wounded.
Sonja throws a curare-tipped dart.
The curare-tipped dart hits you.
You are poisoned.
You have difficulty breathing.
* * * LOW HITPOINT WARNING * * *
You feel as though you will be slow longer.
Sonja throws a curare-tipped dart.
The curare-tipped dart barely misses you.
You feel much better.
You feel very sick. Sonja barely misses you. Sonja hits you but does no damage.
Space warps around you.
* * * LOW HITPOINT WARNING * * *
Sonja hits you but does no damage.
Sonja hits you with a +0 short sword of distortion.
* * * LOW HITPOINT WARNING * * *
Space warps around you.
* * * LOW HITPOINT WARNING * * *
Sonja barely misses you. x2
You hit Sonja.
Sonja is heavily wounded.
Your +2 spectral war axe completely misses Sonja.
You feel very sick.
Sonja hits you with a +0 short sword of distortion.
* * * LOW HITPOINT WARNING * * *
Space warps horribly around you!!
You die...

#...........#+####.....#
.<.
#.............!..#.....#
##........#.......#......
...####.#.#.......#.....
...####.#.#.............
).........#............
.............~≈.....##.
.............~~~(....+
............[...@K.>.#
###.....#...#######.##
####..#...... .#
#.........+ # #.##......#
#.#.......# #+# .#....#
..


You could see Sonja and a friendly +2 spectral war axe (summoned).

Vanquished Creatures
  A two-headed ogre (D:9)
  A boulder beetle (D:11)
  Pikel (D:5)
  Maurice (D:8)
  A troll (D:11)
  A hornet (D:8)
  Prince Ribbit (D:7)
  A vampire (D:11)
  2 wyverns
  A shadow (D:11)
  7 yaks
  A steam dragon (D:6)
  4 vampire mosquitoes (D:10)
  3 acid dragons
  5 orc warriors
  2 water moccasins
  3 ice beasts (D:7)
  2 sky beasts
  A black bear (D:5)
  2 centaurs (D:8)
  A phantom (D:5)
  3 lemures (D:5)
  Blork the orc (D:6)
  2 kobold brigands (D:10)
  A gnoll sergeant (D:9)
  2 necrophages
  9 bullfrogs
  2 scorpions
  4 wights (D:8)
  3 killer bees (D:9)
  5 howler monkeys
  An electric eel (D:11)
  2 orc priests
  3 jellies
  4 hounds
  Crazy Yiuf (D:6)
  Terence (D:2)
  12 orc wizards
  2 iguanas
  4 gnolls (D:9)
  7 adders
  A shadow imp (D:7)
  3 white imps (D:6)
  An ufetubus (D:4)
  4 worms
  2 dart slugs
  33 orcs
  3 ball pythons
  7 endoplasms
  2 giant cockroaches
  3 hobgoblins (D:1)
  29 kobolds
  3 quokkas
  6 bats
  A frilled lizard (D:1)
  3 goblins (D:4)
  4 rats
216 creatures vanquished.

Vanquished Creatures (others)
  An orc wizard (D:6)
  4 toadstools (D:9)
5 creatures vanquished.

Grand Total: 221 creatures vanquished

Notes
Turn   | Place    | Note
-------+----------+-------------------------------------------
     0 | D:1      | sircluck the Minotaur Fighter began the quest for the Orb.
     0 | D:1      | Reached XP level 1. HP: 19/19 MP: 0/0
    10 | D:1      | Found Huvyutas's Book Shoppe.
    44 | D:1      | Found Kouxziju's Weapon Boutique.
   225 | D:1      | Reached XP level 2. HP: 27/27 MP: 1/1
   241 | D:1      | Found Igicei Jilu's Distillery.
   251 | D:1      | HP: 1/27 [poisoned by a kobold]
   317 | D:1      | Bought a potion of heal wounds for 50 gold pieces
   834 | D:2      | Noticed Terence
   846 | D:2      | Killed Terence
   847 | D:2      | Reached skill level 3 in Axes
   847 | D:2      | Reached XP level 3. HP: 33/33 MP: 2/2
  1014 | D:2      | Found a faded altar of an unknown god.
  1291 | D:2      | Reached XP level 4. HP: 38/40 MP: 3/3
  1686 | D:5      | Entered Level 5 of the Dungeon
  1688 | D:5      | Noticed a phantom
  1703 | D:5      | Killed a phantom
  1704 | D:5      | Reached skill level 4 in Axes
  1704 | D:5      | Reached XP level 5. HP: 32/46 MP: 4/4
  1794 | D:5      | Reached skill level 5 in Armour
  1926 | D:5      | Noticed a lemure
  1935 | D:5      | Noticed a lemure
  1935 | D:5      | Noticed Pikel
  1938 | D:5      | Killed a lemure
  1940 | D:5      | Noticed a lemure
  1940 | D:5      | Noticed a lemure
  1948 | D:5      | Killed a lemure
  1999 | D:5      | Killed a lemure
  2012 | D:4      | Reached skill level 5 in Axes
  2016 | D:4      | Reached skill level 1 in Dodging
  2027 | D:4      | Reached XP level 6. HP: 20/53 MP: 5/5
  2654 | D:3      | Found a stormy altar of Qazlal.
  3625 | D:4      | You fall into a shaft and drop 2 floors!
  3664 | D:5      | Killed Pikel
  3665 | D:5      | Reached skill level 5 in Fighting
  3665 | D:5      | Reached skill level 7 in Axes
  3665 | D:5      | Reached skill level 5 in Shields
  3665 | D:5      | Reached XP level 7. HP: 42/61 MP: 6/6
  3831 | D:5      | Reached XP level 8. HP: 70/70 MP: 7/7
  3836 | D:5      | Found a glowing golden altar of the Shining One.
  3843 | D:5      | Found a glowing silver altar of Zin.
  3851 | D:5      | Found a broken altar of Ashenzari.
  3858 | D:5      | Found a shadowy altar of Dithmenos.
  3866 | D:5      | Found a hide-covered altar of Uskayaw.
  3874 | D:5      | Found a hazy altar of Hepliaklqana.
  3879 | D:5      | Found a shimmering blue altar of Sif Muna.
  3976 | D:5      | Found a staircase to the Ecumenical Temple.
  4214 | D:5      | Identified the ring "Nishau" {+Blink Fly}
  4304 | Temple   | Entered the Ecumenical Temple
  4590 | Temple   | Became a worshipper of the Wu Jian Council
  4710 | D:6      | Reached skill level 8 in Axes
  4902 | D:6      | Noticed Blork the orc
  4913 | D:6      | Killed Blork the orc
  4914 | D:6      | Reached skill level 9 in Axes
  5140 | D:6      | Found a runed translucent door.
  5141 | D:6      | Noticed Crazy Yiuf
  5393 | D:6      | Killed Crazy Yiuf
  5507 | D:7      | Reached XP level 9. HP: 78/78 MP: 8/8
  5594 | D:7      | Reached * piety under Wu Jian
  5685 | D:7      | Noticed Prince Ribbit
  5696 | D:7      | Killed Prince Ribbit
  5697 | D:7      | Reached skill level 10 in Axes
  6829 | D:8      | Paralysed by a hornet for 3 turns
  6835 | D:8      | Reached skill level 11 in Axes
  7692 | D:8      | Noticed Maurice
  7712 | D:8      | Killed Maurice
  7713 | D:8      | Reached XP level 10. HP: 68/88 MP: 9/9
  7996 | D:8      | Identified a scroll of acquirement
  7996 | D:8      | Acquired the +2 buckler of Parts Unknown {Str+8 Int-4
                  | Dex+3}
  8174 | D:9      | Reached ** piety under Wu Jian
  8571 | D:9      | Reached skill level 12 in Axes
  8763 | D:9      | Noticed a two-headed ogre
  8775 | D:9      | Killed a two-headed ogre
  8776 | D:9      | Reached skill level 10 in Armour
  9306 | D:10     | Entered Level 10 of the Dungeon
  9320 | D:10     | Found a shimmering altar of Xom.
  9465 | D:10     | Reached skill level 1 in Stealth
  9558 | D:10     | Reached skill level 13 in Axes
  9591 | D:10     | Reached *** piety under Wu Jian
 10003 | D:11     | Noticed a boulder beetle
 10016 | D:11     | Killed a boulder beetle
 10017 | D:11     | Reached XP level 11. HP: 26/95 MP: 10/10
 10439 | D:11     | Noticed Sonja
 10457 | D:11     | HP: 2/97 [Sonja/+0 short sword of distortion (4)]
 10463 | D:11     | Mangled by Sonja

Illustrated notes

Levels and vault maps discovered:
D:1:      lightli_arrival_boilingwater, layout_basic, serial_shops,
          nicolae_shop_stone, shop, nicolae_shop_stone, minmay_curled_crystal,
          grunt_decor_one_mirror, chequers_arboretum, minmay_box_of_dots
D:2:      layout_loops_ring, hellmonk_ecumenical_altar_blasted,
          minmay_misc_feat_ornament, uniq_terence
D:3:      minmay_general_purpose_star, layout_basic, lemuel_crystal_altar,
          minmay_misc_feat_four_crosses
D:4:      layout_rooms
D:5:      nicolae_cairo_tiling_large_dashed, layout_loops_ring,
          grunt_temple_overflow_octagram, minmay_checkerbox, uniq_pikel
D:6:      layout_cave_pools, minmay_liquid_box, uniq_blork_the_orc,
          uniq_crazy_yiuf_cottage
D:7:      layout_basic, uniq_prince_ribbit1
D:8:      layout_basic, uniq_maurice
D:9:      layout_basic, minmay_gold_behind_fungi, grunt_ministairs_11
D:10:     layout_roguey, amcnicky_altar_gilded
D:11:     layout_basic, orc_0_dummy, uniq_sonja
Temple:   compressed_dpeg_triangle_lava_temple

Skill      XL: |  1  2  3  4  5  6  7  8  9 10 11 |
---------------+----------------------------------+-----
Armour         | 4 5 6 7 9 11 | 11.5
Axes           | 3 4 5 7 9 11 13 | 13.5
Shields        | 4 5 6 7 |  7.0
Fighting       | 4 5 6 8 9 |  9.2
Dodging        | 1 2 3 4 |  4.4
Stealth        | 1 |  1.6
Evocations     | |  0.3

Action                     |  1- 3 |  4- 6 |  7- 9 | 10-12 || total
---------------------------+-------+-------+-------+-------++-------
  Melee: War axe           |    74 |   117 |   232 |   176 ||   599
         Headbutt          |     9 |    22 |    32 |    29 ||    92
  Throw: Stone             |       |       |       |     6 ||     6
Ability: Lunge             |       |       |    15 |    17 ||    32
         Evoke Blink       |       |       |     1 |       ||     1
         Whirlwind         |       |       |       |     1 ||     1
  Evoke: Wand              |       |       |       |     2 ||     2
    Use: Potion            |     1 |     1 |       |     4 ||     6
         Scroll            |       |     8 |     2 |     4 ||    14
 Armour: Scale mail        |    35 |    50 |       |       ||    85
         Chain mail        |       |     1 |   139 |    56 ||   196
  Dodge: Dodged            |    41 |    66 |   105 |    70 ||   282
  Block: Buckler           |    22 |    31 |    38 |    46 ||   137

Table legend: (Time is in decaauts)
 A = Elapsed time spent in this place.
 B = Non-inter-level travel time spent in this place.
 C = Inter-level travel time spent in this place.
 D = Time resting spent in this place.
 E = Time spent auto-exploring this place.
 F = Levels seen in this place.
 G = Mean time per level.
                   A        B        C        D        E       F      G
               +--------+--------+--------+--------+--------+-----+--------+
         Total |  10542 |   9878 |    664 |    592 |   7638 |  12 |  878.5 |
       Dungeon |  10232 |   9609 |    623 |    592 |   7387 |  11 |  930.2 |
        Temple |    309 |    268 |     41 |      0 |    251 |   1 |  309.0 |
               +--------+--------+--------+--------+--------+-----+--------+

Top non-repeatable levels by time:
     D:8: 1366 daAuts
     D:7: 1324 daAuts
     D:3: 1275 daAuts
     D:9: 1154 daAuts
     D:5: 1093 daAuts
     D:1: 853 daAuts
     D:6: 777 daAuts
     D:2: 759 daAuts
    D:10: 666 daAuts
    D:11: 491 daAuts
     D:4: 471 daAuts
  Temple: 309 daAuts
